 Dungeon Crawl Stone Soup version 0.24-a0-640-ge7cd8ce796 (webtiles) character file.

Game seed: 9630234034947014808, levelgen mode: deterministic

117 Holzbalken the Cudgeler (level 4, -4/33 HPs)
             Began as a Demonspawn Gladiator on Sept 25, 2019.
             Was an Initiate of Gozag.
             Slain by Grinder (6 damage)
             ... while paralysed by Grinder
             ... on level 3 of the Dungeon.
             The game lasted 00:12:22 (1783 turns).

Holzbalken the Cudgeler (Demonspawn Gladiator)      Turns: 1783, Time: 00:12:22

Health: -4/33      AC:  9    Str: 14    XL:     4   Next: 71%
Magic:  4/4        EV:  2    Int: 10    God:    Gozag
Gold:   280        SH:  0    Dex: 15    Spells: 3/3 levels left

rFire    . . .     SeeInvis .   a - +0 flail
rCold    . . .     Gourm    .   y - +0 buckler
rNeg     . . .     Faith    .   l - +0 leather armour
rPois    .         Spirit   .   (helmet restricted)
rElec    .         Reflect  .   (no cloak)
rCorr    .         Harm     .   v - +0 pair of gloves
MR       .....                  g - +2 pair of boots
Stlth    +.........             (no amulet)
HPRegen  0.11/turn              (no ring)
MPRegen  0.09/turn              (no ring)

@: paralysed
A: antennae 1, thin metallic scales 1
a: Potion Petition, Call Merchant, Bribe Branch, Renounce Religion


You were on level 3 of the Dungeon.
You worshipped Gozag.
Gozag was aware of your devotion.
You were not hungry.

You visited 1 branch of the dungeon, and saw 3 of its levels.

You collected 322 gold pieces.
You paid 42 gold pieces to Gozag.

Inventory:

Hand Weapons
 a - a +0 flail (weapon)
 b - a +0 hunting sling
   (You found it on level 1 of the Dungeon)
Missiles
 d - 3 throwing nets (quivered) {!f}
 m - 103 stones
Armour
 c - a +0 helmet
 g - a +2 pair of boots (worn)
   (You found it on level 1 of the Dungeon)
 l - a +0 leather armour (worn)
 v - a +0 pair of gloves (worn)
   (You found it on level 2 of the Dungeon)
 y - a +0 buckler (worn)
   (You took it off a hobgoblin on level 3 of the Dungeon)
Jewellery
 q - an uncursed ring of wizardry {unknown}
   (You found it on level 1 of the Dungeon)
 t - an uncursed ring of fire {unknown}
   (You found it on level 3 of the Dungeon)
Scrolls
 f - 2 scrolls of teleportation {unknown}
 h - 4 scrolls of remove curse {unknown}
 i - 3 scrolls of amnesia {unknown}
 j - a scroll of noise {unknown}
 k - 2 scrolls of enchant armour {unknown}
 n - 2 scrolls of enchant weapon {unknown}
 p - 3 scrolls of identify {unknown}
 r - 4 scrolls of random uselessness {unknown}
 w - 2 scrolls of blinking {unknown}
Potions
 o - a potion of heal wounds {unknown}
 s - a potion of brilliance {unknown}
 u - 2 potions of curing {unknown}
 x - a potion of magic {unknown}
Comestibles
 e - 8 rations {!d}


   Skills:
 - Level 2.0 Fighting
 * Level 4.9 Maces & Flails
 - Level 1.7 Throwing
 - Level 2.6 Dodging
 + Level 0.8 Shields


You had 3 spell levels left.
You didn't know any spells.
Your spell library was empty.

Dungeon Overview and Level Annotations

Branches:
Dungeon (3/15)

Altars:
Gozag
Zin

Annotations:
D:3 Grinder


Innate Abilities, Weirdness & Mutations

You have a pair of small antennae on your head.
You are partially covered in thin metallic scales. (AC +2)


Message History

Aim: a kobold, wielding a +0 short sword You shoot a stone.
The stone barely misses the kobold.
Firing (i - inventory. (/) - cycle)
m - 101 stones (quivered)
Aim: a kobold, wielding a +0 short sword You shoot a stone.
The stone hits the kobold.
You kill the kobold!
Found a scroll labeled LARITA QELOD.
You now have 273 gold pieces (gained 8).
m - 101 stones (gained 1)
You see here a +0 short sword.
You are near starving!
m - 103 stones (gained 2)
k - 2 scrolls labeled LARITA QELOD (gained 1)
You hear the quick rusting of a distant drain.
You see here a +0 short sword.
A giant cockroach comes into view.
You eat one of the 9 rations {!d}.
That ration really hit the spot!
Firing (i - inventory. (/) - cycle)
m - 103 stones (quivered)
Aim: a giant cockroach (clinging, resting)
You shoot a stone. The stone hits the giant cockroach!
You kill the giant cockroach!
You now have 280 gold pieces (gained 7).
m - 103 stones (gained 1)
You sense a monster nearby.
Found a scroll labeled DIBLUAPP COVVI.
You hear the quick rusting of a distant drain.
Grinder comes into view.
Grinder shouts!
Found a whip and 21 poisoned darts.
a - a +0 flail (weapon)
You hit Grinder. Grinder hits you.
You writhe in agony.
Grinder hits you!
* * * LOW HITPOINT WARNING * * *
You writhe in agony.
* * * LOW HITPOINT WARNING * * *
Okay, then.
You sock Grinder!
Grinder grins, showing sharp teeth.
Grinder hits you!
* * * LOW HITPOINT WARNING * * *
You barely miss Grinder. Grinder gestures at you.
You suddenly lose the ability to move!
A hobgoblin comes into view. It is wielding a +0 club.
Grinder hits you but does no damage.
Grinder says, "Don't move a muscle."
Grinder hits you.
* * * LOW HITPOINT WARNING * * *
You writhe in agony.
You die...
Your body crumbles into a pile of gold.

##### ....#
#.(...).# ....#####
#.......## .........
+........ ......#
#.?.....# ......+
+.......# ......#
#.......# ##....#
#.......# ##....##
#.@5.#
###....#########.#.#
###....).....# #.# #
.###...##....# #.#
.# #...##....# #.#
.# #...##....# #.#
.# #...##....# #.#
.# #...##....# #.#
.# #...##....###.#


You could see Grinder.

Vanquished Creatures
  Natasha (D:3)
  3 adders
  2 dart slugs (D:1)
  4 leopard geckos
  An orc (D:3)
  6 bats
  4 giant cockroaches
  7 goblins
  7 hobgoblins
  6 kobolds
  A ball python (D:3)
  9 frilled lizards
  4 rats
55 creatures vanquished.

Notes
Turn   | Place    | Note
-------+----------+-------------------------------------------
     0 | D:1      | Holzbalken the Demonspawn Gladiator began the quest for the
                  | Orb.
     0 | D:1      | Reached XP level 1. HP: 16/16 MP: 1/1
    74 | D:1      | Reached skill level 3 in Maces & Flails
   173 | D:1      | Gained mutation: You have a pair of small antennae on your
                  | head. [demonic ancestry]
   173 | D:1      | Reached XP level 2. HP: 21/22 MP: 2/2
   738 | D:2      | Gained mutation: You are partially covered in thin metallic
                  | scales. (AC +2) [demonic ancestry]
   738 | D:2      | Reached XP level 3. HP: 27/27 MP: 3/3
   968 | D:2      | Reached skill level 4 in Maces & Flails
  1264 | D:2      | Found an opulent altar of Gozag.
  1265 | D:2      | Found a glowing silver altar of Zin.
  1281 | D:2      | Became a worshipper of Gozag Ym Sagoz the Greedy
  1422 | D:3      | Reached XP level 4. HP: 31/33 MP: 4/4
  1510 | D:3      | Noticed Natasha
  1513 | D:3      | Killed Natasha
  1777 | D:3      | Noticed Grinder
  1781 | D:3      | Paralysed by Grinder for 5 turns
  1783 | D:3      | Slain by Grinder

Levels and vault maps discovered:
D:1:      dpeg_arrival_lava_temple_mockup, layout_loops_ring
D:2:      layout_rooms, grunt_temple_overflow_gold_and_silver, first_ration
D:3:      minmay_wonky_spiral, layout_basic, gup_sewer_entry_bubbles,
          uniq_natasha, uniq_grinder, uniq_jessica

Skill      XL: |  1  2  3 |
---------------+----------+-----
Maces & Flails | 3 4 |  4.9
Fighting       | |  2.0
Throwing       | |  1.7
Dodging        | |  2.6
Shields        | |  0.8

Action                   |  1- 3 |  4- 6 || total
-------------------------+-------+-------++-------
Melee: Flail             |    74 |    21 ||    95
 Fire: Hunting sling     |    62 |    15 ||    77
Throw: Throwing net      |     2 |     1 ||     3
 Stab: Sleeping          |     1 |       ||     1
       Distracted        |     1 |     2 ||     3
  Eat: Chunk             |     1 |       ||     1
       Ration            |       |     1 ||     1
Armor: Leather armour    |    46 |     7 ||    53
Dodge: Dodged            |    75 |     6 ||    81
Block: Buckler           |       |     1 ||     1

Table legend:
 A = Non-vault XP
 B = Vault XP
 C = Vault XP percentage of total XP
 D = Non-vault monster count
 E = Vault monster count
 F = Vault count percentage of total count
                 A         B        C        D         E       F
            +---------+---------+-------+---------+---------+-------
      Total |     133 |      35 |  20.8 |      54 |       1 |   1.8
            +---------+---------+-------+---------+---------+-------
        D:1 |      37 |       0 |   0.0 |      20 |       0 |   0.0
        D:2 |      40 |       0 |   0.0 |      16 |       0 |   0.0
        D:3 |      56 |      35 |  38.5 |      18 |       1 |   5.3
            +---------+---------+-------+---------+---------+-------
